 Dungeon Crawl Stone Soup version 0.30-a0-972-gf3ab3527aa (webtiles) character file.

Game seed: 13635718984410927416

2047 jasper the Covert (level 9, -1/129 HPs)
             Began as a Naga Wanderer on Mar 31, 2023.
             Was a Priest of Okawaru.
             Slain by an orc
             ... wielding a +0 club
              (5 damage)
             ... on level 7 of the Dungeon.
             The game lasted 00:14:23 (5715 turns).

jasper the Covert (Naga Wanderer)                   Turns: 5715, Time: 00:14:23

Health: -1/129     AC:  9    Str: 24    XL:     9   Next: 24%
Magic:  12/12      EV:  6    Int:  9    God:    Okawaru [***...]
Gold:   331        SH:  5    Dex:  9    Spells: 12/12 levels left

rFire   . . .      SeeInvis +    s - +4 flail (holy)
rCold   . . .      Faith    .    (no shield)
rNeg    . . .      Spirit   .    d - +0 chain mail
rPois   +          Reflect  +    D - +0 helmet
rElec   .          Rampage  .    (no cloak)
rCorr   +                        (no gloves)
Will    +....                    (no barding) Stlth
                                 e - amulet "Jovegur" {Reflect rCorr SH+5 SInv}
HPRegen 0.41/turn                (no ring)
MPRegen 0.13/turn                (no ring)

@: berserking, quick
A: AC +3, large, see invisible, deformed body, poison resistance, slowness 2,
spit poison 1, naga tail 1
a: Spit Poison, Renounce Religion, Heroism


You were on level 7 of the Dungeon.
You worshipped Okawaru.
Okawaru was most pleased with you.
You visited 1 branch of the dungeon, and saw 7 of its levels.
You also visited: Ossuary.

You collected 331 gold pieces.

Inventory:

Hand Weapons
 a - a +0 club
 b - a +0 dagger
 l - a +0 flail
 s - a +4 flail of holy wrath (weapon)
 w - a +2 hand axe of freezing
Missiles
 j - 15 poisoned darts
 k - 45 stones
Armour
 d - a +0 chain mail (worn)
 h - a +1 leather armour of cold resistance
 D - a +0 helmet (worn)
Jewellery
 e - the amulet "Jovegur" (around neck) {Reflect rCorr SH+5 SInv}
   (You acquired it on level 5 of the Dungeon)

   [amulet of reflection]

   It reflects blocked missile attacks.
   SInv:      It lets you see invisible.
   rCorr:     It protects you from acid and corrosion.
   SH:        It affects your SH (+5).
 i - an amulet of regeneration
Wands
 q - a wand of roots (2)
 t - a wand of acid (8)
 u - a wand of mindburst (33)
Scrolls
 f - a scroll of vulnerability
 n - a scroll of immolation
 r - a scroll of butterflies
 x - a scroll of fear
 y - a scroll of blinking
 z - a scroll of enchant weapon
Potions
 c - 2 potions of brilliance
 g - 2 potions of curing
 m - 3 potions of might
 p - a potion of attraction
 v - a potion of ambrosia
 A - a potion of flight {unknown}
 B - a potion of degeneration {unknown}
 C - a potion of resistance {unknown}
 E - a potion of haste


   Skills:
 + Level 7.1 Fighting
 - Level 3.2 Armour
 - Level 1.0 Dodging
 - Level 9.0 Stealth
 - Level 2.0 Spellcasting
 - Level 1.0 Necromancy
 - Level 3.8 Invocations
 + Level 6.6 Evocations


You had 12 spell levels left.
You didn't know any spells.
Your spell library contained the following spells:

 Spells                   Type           Power      Damage    Failure   Level
 Necrotise                Necr           8%         1d4       85%         1
 Sting                    Tmut/Pois      0%         1d3       94%         1
 Sublimation of Blood     Necr           2%         N/A       94%         2
 Cigotuvi's Dreadful Rot  Necr/Pois/Air  2%         N/A       97%         2
 Vampiric Draining        Necr           2%         2d6       99%         3
 Frozen Ramparts          Ice            0%         1d1       100%        3
 Ice Form                 Ice/Tmut       0%         N/A       100%        4
 Agony                    Necr           2%         N/A       100%        5
 Summon Ice Beast         Ice/Summ       Unusable   N/A       N/A         4

Dungeon Overview and Level Annotations

Branches:
Dungeon (7/15)             Temple (0/1) D:5         Ossuary (visited)

Altars:
Elyvilon
Gozag
Hepliaklqana
Makhleb
Nemelex Xobeh
Okawaru
Qazlal
Ru
Sif Muna
Vehumet
Xom
Yredelemnul
Zin
The Shining One


Innate Abilities, Weirdness & Mutations

Your serpentine skin is tough. (AC +3)
You have supernaturally acute eyesight. (SInv)
Armour fits poorly on your strangely shaped body.
Your system is resistant to poisons. (rPois)
You cover ground very slowly.
You can spit poison.
You have a snake-like lower body.


Message History

You kill the orc!
Okawaru accepts your kill.
You have got your breath back.
The orc warrior hits you with a +0 glaive.
The orc warrior hits you with a +0 glaive!
The orc hits you but does no damage.
You take 22 damage, and have 36/86 hp.
MASSIVE DAMAGE!!
You thump the orc!
You kill the orc!
Okawaru accepts your kill.
The orc warrior hits you with a +0 glaive!
* * * LOW HITPOINT WARNING * * *
You take 16 damage, and have 20/86 hp.
A red film seems to cover your vision as you go berserk!
You feel yourself moving faster!
You feel mighty! The orc hits you with a +0 club.
* * * LOW HITPOINT WARNING * * *
The orc warrior hits you with a +0 glaive!
* * * LOW HITPOINT WARNING * * *
You now have 14/129 hp.
You closely miss the orc warrior. The orc hits you but does no damage.
The orc warrior barely misses you.
You sock the orc warrior!
The orc warrior is severely wounded.
You block the orc's attack.
The orc warrior hits you with a +0 glaive.
* * * LOW HITPOINT WARNING * * *
You take 6 damage, and have 9/129 hp.
You barely miss the orc warrior.
The orc warrior is severely wounded.
The orc hits you but does no damage.
The orc warrior hits you with a +0 glaive.
* * * LOW HITPOINT WARNING * * *
You take 6 damage, and have 3/129 hp.
You bludgeon the orc warrior!!
You kill the orc warrior!
Okawaru accepts your kill.
Okawaru will now gift you throwing weapons as you gain piety.
The orc hits you with a +0 club.
You die...

...........#..#<....#
...........# #.....+
...........+ #.....#
...........####.....#
########............#
..#............+
...'............####
....#..........$.....
##..#........@)......
#. #.....####o##....
. #.....# ..' ..
#.....' ..#.. #.....#
..# ... #.....# ..#
.. ..#### ..# . ..#


You could see an orc.

Vanquished Creatures
  Prince Ribbit (D:5)
  Menkaure (D:5)
  Edmund (D:4)
  An orc warrior (D:7)
  An ice beast (D:7)
  A centaur (D:5)
  2 ogres
  2 phantoms
  Blork the orc (D:5)
  A kobold brigand (D:7)
  An elf zombie (Ossuary)
  2 bullfrogs
  A scorpion (D:4)
  A jelly (D:4)
  2 human zombies (Ossuary)
  4 orc priests
  4 hounds
  An iguana (D:3)
  5 orc wizards
  4 mummies (Ossuary)
  4 gnolls (D:3)
  5 adders
  4 ufetubi
  2 adder zombies (Ossuary)
  A worm (D:4)
  3 dart slugs
  15 orcs
  4 bats
  8 endoplasms
  5 giant cockroaches
  6 goblins
  10 hobgoblins
  3 jackals (D:3)
  11 kobolds
  5 quokkas
  6 ball pythons
  4 frilled lizards
  2 goblin zombies (Ossuary)
  A hobgoblin zombie (Ossuary)
  3 jackal zombies (Ossuary)
  6 rats
  A rat zombie (Ossuary)
146 creatures vanquished.

Notes
Turn   | Place    | Note
-------+----------+-------------------------------------------
     0 | D:1      | jasper the Naga Wanderer began the quest for the Orb.
     0 | D:1      | jasper set off with the following items: a +0 club, a wand
                  | of flame (5), a potion of brilliance, a +0 chain mail; and
                  | the following spells available to memorise: Cigotuvi's
                  | Dreadful Rot, Sublimation of Blood.
     0 | D:1      | Reached XP level 1. HP: 15/15 MP: 3/3
   139 | D:1      | Reached skill level 1 in Stealth
   176 | D:1      | Reached XP level 2. HP: 4/24 MP: 5/5
   290 | D:1      | Reached skill level 1 in Fighting
   458 | D:1      | You fall into a shaft and drop 1 floor!
   458 | D:2      | Found a white marble altar of Elyvilon.
   708 | D:1      | Reached skill level 2 in Stealth
   842 | D:1      | Reached XP level 3. HP: 30/31 MP: 6/6
  1438 | D:2      | Found a faded altar of an unknown god.
  1450 | D:2      | Got Plato's Incunable of the Spider
  1843 | D:3      | Reached skill level 3 in Stealth
  1860 | D:3      | Reached XP level 4. HP: 17/39 MP: 7/7
  1912 | D:3      | Reached skill level 4 in Stealth
  1920 | D:3      | Reached XP level 5. HP: 18/46 MP: 8/8
  1997 | D:3      | Found a radiant altar of Vehumet.
  2235 | D:3      | Found an iron altar of Okawaru.
  2253 | D:3      | Became a worshipper of Warmaster Okawaru
  2554 | D:4      | Noticed Edmund
  2605 | D:4      | Reached skill level 5 in Stealth
  2622 | D:4      | Reached XP level 6. HP: 29/56 MP: 9/9
  2637 | D:4      | Reached skill level 6 in Stealth
  2784 | D:4      | Reached XP level 7. HP: 31/64 MP: 10/10
  2896 | D:4      | Killed Edmund
  2897 | D:4      | Reached skill level 7 in Stealth
  2908 | D:4      | Reached * piety under Okawaru
  3143 | D:4      | Reached skill level 5 in Fighting
  3143 | D:4      | Reached skill level 8 in Stealth
  3395 | D:5      | Entered Level 5 of the Dungeon
  3395 | D:5      | Found a glowing silver altar of Zin.
  3397 | D:5      | Found a stormy altar of Qazlal.
  3404 | D:5      | Noticed Blork the orc
  3422 | D:5      | Killed Blork the orc
  3493 | D:5      | Identified a scroll of acquirement
  3493 | D:5      | Acquired the amulet "Jovegur" {Reflect rCorr SH+5 SInv}
  3533 | D:5      | Reached XP level 8. HP: 67/74 MP: 11/11
  3643 | D:5      | Found a basalt altar of Yredelemnul.
  3652 | D:5      | Found a staircase to the Ecumenical Temple.
  3679 | D:5      | Noticed Menkaure
  3684 | D:5      | Killed Menkaure
  3684 | D:5      | Reached ** piety under Okawaru
  3685 | D:5      | Reached skill level 1 in Invocations
  3962 | D:5      | Reached skill level 9 in Stealth
  3962 | D:5      | Reached skill level 5 in Evocations
  4252 | D:5      | Noticed Prince Ribbit
  4270 | D:5      | Killed Prince Ribbit
  4469 | D:5      | Found a sacrificial altar of Ru.
  4469 | D:5      | Found an opulent altar of Gozag.
  4469 | D:5      | Found a hazy altar of Hepliaklqana.
  4469 | D:5      | Found a shimmering blue altar of Sif Muna.
  4474 | D:5      | Found a white marble altar of Elyvilon.
  4518 | D:6      | Noticed a yak
  4518 | D:6      | Noticed a yak
  4518 | D:6      | Noticed a yak
  4519 | D:6      | Noticed a yak
  4520 | D:6      | Noticed a yak
  5008 | D:7      | Found a sand-covered staircase.
  5016 | Ossuary  | Entered an ossuary
  5023 | Ossuary  | Reached XP level 9. HP: 80/85 MP: 12/12
  5542 | D:7      | Found a sparkling altar of Nemelex Xobeh.
  5542 | D:7      | Found a burning altar of Makhleb.
  5553 | D:7      | Found a shimmering altar of Xom.
  5553 | D:7      | Found a glowing golden altar of the Shining One.
  5714 | D:7      | HP: 3/129 [orc warrior/+0 glaive (6)]
  5715 | D:7      | Reached *** piety under Okawaru
  5715 | D:7      | Slain by an orc

Illustrated notes

Levels and vault maps discovered:
D:1:      tarquinn_simple_flora_water_b, layout_loops_ring, st_stairs_1
D:2:      layout_basic, shapermc_ecumenical_altar_rom_forum, basic_altar
D:3:      layout_loops_ring, lemuel_tele_altar, mainiacjoe_overflow_catwalk,
          serial_glass, glass_columns_c, glass_columns_b, glass_columns_a,
          mrwooster_statue_mirror, hex_large
D:4:      layout_rooms, kennysheep_boxes, uniq_edmund
D:5:      layout_rooms, grunt_qazlal_clouds, minitemple, zin_treasury,
          minmay_temple_entry_statues_pillars, patterned_corridor,
          uniq_prince_ribbit1, uniq_menkaure, uniq_blork_the_orc
D:6:      layout_basic, st_stairs_13, kennysheep_nub
D:7:      layout_gridville, grunt_temple_overflow_open,
          lightli_ossuary_entry_decrepit_ruins, minmay_ruined_shrine,
          uniq_duvessa

Skill      XL: |  1  2  3  4  5  6  7  8  9 |
---------------+----------------------------+-----
Stealth        | 1 2 3 4 5 6 8 9 |  9.0
Fighting       | 1 2 3 4 5 6 7 |  7.1
Evocations     | 3 4 6 |  6.6
Invocations    | 3 |  3.8
Armour         | |  3.2
Dodging        | |  1.0
Spellcasting   | |  2.0
Necromancy     | |  1.0

Action                     |  1- 3 |  4- 6 |  7- 9 || total
---------------------------+-------+-------+-------++-------
  Melee: Club              |    97 |       |       ||    97
         Flail             |     4 |   118 |   222 ||   344
         Punch             |     1 |     2 |     4 ||     7
Ability: Spit Poison       |    34 |    28 |    26 ||    88
  Evoke: Wand              |     5 |     3 |     2 ||    10
    Use: Scroll            |     3 |       |    13 ||    16
         Potion            |       |     3 |     2 ||     5
 Armour: Chain mail        |    55 |    72 |   166 ||   293
         Leather armour    |     4 |       |       ||     4
  Dodge: Dodged            |    31 |    48 |   114 ||   193
  Block: Other             |       |       |    76 ||    76
         Reflection        |       |       |     1 ||     1

Table legend: (Time is in decaauts)
 A = Elapsed time spent in this place.
 B = Non-inter-level travel time spent in this place.
 C = Inter-level travel time spent in this place.
 D = Time resting spent in this place.
 E = Time spent auto-exploring this place.
 F = Levels seen in this place.
 G = Mean time per level.
                   A        B        C        D        E       F      G
               +--------+--------+--------+--------+--------+-----+--------+
         Total |   7316 |   6846 |    470 |    316 |   4713 |   8 |  914.5 |
       Dungeon |   6841 |   6371 |    470 |    316 |   4355 |   7 |  977.3 |
       Ossuary |    475 |    475 |      0 |      0 |    357 |   1 |  475.0 |
               +--------+--------+--------+--------+--------+-----+--------+

Top non-repeatable levels by time:
     D:5: 1392 daAuts
     D:1: 1382 daAuts
     D:4: 1099 daAuts
     D:3: 1019 daAuts
     D:2: 965 daAuts
     D:6: 592 daAuts
 Ossuary: 475 daAuts
     D:7: 390 daAuts
